 Dungeon Crawl Stone Soup version 0.17-a0-469-g696e5a1 (webtiles) character file.

3169 Radiman the Geomancer (level 9, -17/59 HPs)
             Began as a Gargoyle Earth Elementalist on Apr 6, 2015.
             Was a Believer of Vehumet.
             Killed from afar by Radiman's ghost (23 damage)
             ... with a stone arrow
             ... on level 6 of the Dungeon.
             The game lasted 01:05:16 (11583 turns).

Radiman the Geomancer (GrEE)                       Turns: 11583, Time: 01:05:16

Health: -17/59     AC: 10    Str: 14    XL:     9   Next: 94%
Magic:  2/16       EV: 11    Int: 19    God:    Vehumet [**....]
Gold:   323        SH:  0    Dex: 10    Spells: 4 memorised, 8 levels left

rFire  . . .     SeeInvis .     u - +2 dagger (drain)
rCold  . . .     Clarity  .     D - +0 leather armour
rNeg   + . .     SustAb   +     (no shield)
rPois  ∞         Gourm    +     (no helmet)
rElec  +         Spirit   .     x - +0 cloak
rCorr  .         Warding  .     B - +0 pair of gloves
rMut   .         Stasis   .     (no boots)
MR     .....                    M - amulet of the gourmand
Stlth  ++........               J - +2 ring of strength
                                n - ring of sustain abilities

@: not resistant to hostile enchantments, unstealthy
A: negative energy resistance 1, electricity resistance, unbreathing,
petrification resistance, rot immunity, AC +5
a: Renounce Religion


You were on level 6 of the Dungeon.
You worshipped Vehumet.
Vehumet was pleased with you.
You were very hungry.

You visited 1 branch of the dungeon, and saw 8 of its levels.
You also visited: Ossuary.

You collected 323 gold pieces.

Inventory:

Hand weapons
 m - a +0 dagger of venom
 u - a +2 dagger of draining (weapon)
 y - a cursed -3 short sword
 A - a +0 dire flail
 P - a +6 short sword of venom
Missiles
 b - 89 stones (quivered)
 j - 8 poisoned needles
Armour
 x - a +0 cloak (worn)
 B - a +0 pair of gloves (worn)
 D - a +0 leather armour (worn)
Jewellery
 c - an uncursed ring of poison resistance {unknown}
 i - the amulet "Ravaeh" {rPois rF- Regen+ Str+10 Int-3, unknown}
   (You found it on level 7 of the Dungeon)

   [amulet of regeneration]

   It affects your strength (+10).
   It affects your intelligence (-3).
   It makes you vulnerable to fire.
   It protects you from poison.
   It increases your rate of regeneration.
 n - a ring of sustain abilities (left hand)
 J - a +2 ring of strength (right hand)
 L - an uncursed ring of teleportation
 M - an amulet of the gourmand (around neck)
Magical devices
 h - a wand of enslavement (14)
 k - a wand of frost (25)
 o - a wand of slowing (0)
 w - a wand of cold (9)
Scrolls
 q - a scroll of random uselessness {unknown}
 r - 3 scrolls of enchant armour {unknown}
 s - 2 scrolls of enchant weapon {unknown}
 t - 2 scrolls of noise {unknown}
 F - 2 scrolls of immolation {unknown}
 H - a scroll of silence {unknown}
 N - 2 scrolls of blinking {unknown}
Potions
 e - a potion of resistance
 f - 2 potions of lignification
 g - 3 potions of might
 l - 5 potions of haste
 v - 2 potions of agility
 z - 4 potions of invisibility
 G - 2 potions of heal wounds {unknown}
 I - a potion of cure mutation {unknown}
 O - 2 potions of cancellation {unknown}
Books
 d - a book of Geomancy

   Spells                             Type                      Level
   a - Sandblast                      Earth                        1
   b - Stoneskin                      Transmutation/Earth          2
   c - Passwall                       Transmutation/Earth          3
   d - Stone Arrow                    Conjuration/Earth            3
   e - Petrify                        Transmutation/Earth          4
   f - Lee's Rapid Deconstruction     Earth                        5
Comestibles
 a - 3 bread rations
 p - 3 meat rations
 E - 2 fruits


   Skills:
 * Level 8.3 Fighting
 - Level 1.5 Dodging
 - Level 2.1 Stealth
 + Level 4.8 Spellcasting
 - Level 7.0 Conjurations
 - Level 0.7 Transmutations
 - Level 10.0 Earth Magic


You had 8 spell levels left.
You knew the following spells:

 Your Spells              Type           Power        Failure   Level  Hunger
a - Sandblast             Erth           #####.       1%          1    None
b - Stoneskin             Trmt/Erth      ###.....     2%          2    #......
c - Stone Arrow           Conj/Erth      #####.       1%          3    ##.....
d - Conjure Flame         Conj/Fire      ###.....     14%         3    ##.....


Dungeon Overview and Level Annotations

Branches:
Dungeon (8/15)
 Temple: D:4-7         Lair: D:8-11

Altars:
Fedhas
Kikubaaqudgha
Okawaru
Trog
Vehumet

Annotations:
D:5 Sigmund
D:6 Radiman's ghost, experienced GrEE
D:7 exclusion: ogre


Innate Abilities, Weirdness & Mutations

You are resistant to torment.
Your stone body is resilient (AC +5).
You are immune to poison.
You resist negative energy.
You are resistant to electric shocks.
You can survive without breathing.
You are immune to petrification.
You are immune to rotting.


Message History

Radiman's ghost casts a spell at you. The stone arrow hits you!
* * * LOW HITPOINT WARNING * * *
You hit Radiman's ghost but do no damage.
Radiman's ghost is almost destroyed.
Radiman's ghost hits you.
* * * LOW HITPOINT WARNING * * *
You hit Radiman's ghost.
Radiman's ghost is almost destroyed.
Radiman's ghost hits you but does no damage.
Zapping:
o - a wand of slowing {zapped: 33} (will waste charges)
Press: ? - help, Shift-Dir - straight line, f/p - Radiman's ghost
Aim: Radiman's ghost, wielding a weapon of venom (almost destroyed, chance 19%) Nothing appears to happen.
Radiman's ghost hits you.
* * * LOW HITPOINT WARNING * * *
Radiman's ghost gestures at you while chanting.
The stone arrow misses you. Radiman's ghost casts a spell at you.
The stone arrow hits you!
You die...

.<[)..##..##).##.#
..[.......##..##.# #
......##.###..##.# #
............).##.# #
.............###.# ##
#...##.....#.# #.# #.
#..........#.# #.# #.
#............# #.# ##.
##...#......####@##### #..
#...##......W.......# #..
#...##...#.####.###.# #..
##...###.##.# #.# #.# ##)
.....###.##.####.###.###### #.
##...............#........# #.
#...##.###.######.#.####.######.
#...##.# #........#.#....)......
#...##.# #.).)......).....#####.


You could see Radiman's ghost.

Vanquished Creatures
  Grinder (D:6)
  Eustachio (D:6)
  A hippogriff (D:8)
  A steam dragon (D:8)
  Duvessa (D:6)
  3 orc warriors (D:6)
  A phantom (D:6)
  3 ogres (D:6)
  3 centaurs
  2 giant frogs
  Blork the orc (D:6)
  6 scorpions (Ossuary)
  Dowan (D:6)
  2 centaur zombies
  2 goliath beetles
  2 orc priests
  2 crimson imps
  A human zombie (Ossuary)
  A centaur skeleton (D:8)
  2 hounds (D:2)
  A jelly (D:7)
  8 orc wizards
  3 worker ants
  4 big kobold zombies (Ossuary)
  A hound skeleton (D:5)
  2 mummies (Ossuary)
  3 adders
  A worker ant zombie (D:5)
  A gnoll (D:2)
  4 scorpion zombies (Ossuary)
  2 shadow imps (D:7)
  3 worms
  8 giant geckos
  An ooze (D:2)
  30 orcs
  A ball python (D:3)
  19 bats
  A bat skeleton (D:4)
  A bat zombie (D:5)
  3 giant cockroaches
  8 goblins
  11 hobgoblins
  6 jackals
  2 quokkas
  8 giant newts
  3 gnoll zombies (Ossuary)
  4 hobgoblin zombies (Ossuary)
  A jackal zombie (D:8)
  13 kobolds
  2 kobold zombies (Ossuary)
  An orc zombie (Ossuary)
  11 rats
204 creatures vanquished.

Vanquished Creatures (others)
  A mummy (Ossuary)
1 creature vanquished.

Grand Total: 205 creatures vanquished

Notes
Turn   | Place    | Note
--------------------------------------------------------------
     0 | D:1      | Radiman, the Gargoyle Earth Elementalist, began the quest for the Orb.
     0 | D:1      | Reached XP level 1. HP: 10/10 MP: 3/3
   161 | D:1      | Reached skill level 4 in Earth Magic
   636 | D:1      | Reached XP level 2. HP: 15/15 MP: 3/5
   651 | D:1      | Learned a level 2 spell: Stoneskin
  1379 | D:2      | Reached skill level 5 in Earth Magic
  1379 | D:2      | Reached XP level 3. HP: 16/19 MP: 0/6
  1432 | D:2      | Learned a level 3 spell: Stone Arrow
  2012 | D:2      | Reached skill level 1 in Conjurations
  2204 | D:2      | Reached XP level 4. HP: 18/24 MP: 4/7
  2314 | D:2      | Reached XP level 5. HP: 17/28 MP: 8/8
  2736 | D:2      | Reached skill level 6 in Earth Magic
  3279 | D:3      | Found an ancient bone altar of Kikubaaqudgha.
  3811 | D:4      | Found an iron altar of Okawaru.
  3814 | D:4      | Noticed Blork the orc
  3864 | D:4      | Found a radiant altar of Vehumet.
  3870 | D:4      | Became a worshipper of Vehumet
  3928 | D:4      | Noticed a phantom
  3981 | D:5      | Entered Level 5 of the Dungeon
  4256 | D:5      | Noticed Sigmund
  4446 | D:5      | Reached XP level 6. HP: 19/32 MP: 0/9
  5019 | D:5      | Noticed an ogre
  5081 | D:5      | Reached skill level 7 in Earth Magic
  5199 | D:5      | Found a bloodstained altar of Trog.
  5346 | D:5      | Found a blossoming altar of Fedhas.
  5420 | D:6      | Acquired Vehumet's first power
  5420 | D:6      | Offered knowledge of Shock by Vehumet.
  5511 | D:6      | Reached XP level 7. HP: 29/36 MP: 10/10
  5538 | D:5      | Reached skill level 5 in Conjurations
  5847 | D:6      | Noticed Eustachio
  6129 | D:7      | Found a sand-covered staircase.
  6137 | Ossuary  | Entered an ossuary
  6220 | Ossuary  | Reached skill level 8 in Earth Magic
  6756 | Ossuary  | Reached XP level 8. HP: 41/41 MP: 9/11
  6927 | Ossuary  | Offered knowledge of Freeze by Vehumet.
  7001 | Ossuary  | Reached skill level 9 in Earth Magic
  7510 | D:7      | Got a glittering emerald amulet
  7769 | D:7      | Reached skill level 1 in Fighting
  7957 | D:8      | HP: 1/43 [steam dragon/ball of steam (17)]
  8830 | D:8      | Reached skill level 10 in Earth Magic
  9287 | D:8      | Reached XP level 9. HP: 20/52 MP: 3/12
  9501 | D:6      | Reached skill level 5 in Fighting
  9709 | D:6      | Noticed Grinder
  9721 | D:6      | Paralysed by Grinder for 3 turns
  9736 | D:6      | Killed Grinder
  9989 | D:6      | Offered knowledge of Conjure Flame by Vehumet.
  9994 | D:6      | Learned a level 3 spell: Conjure Flame
 10087 | D:6      | Noticed Radiman's ghost (experienced GrEE)
 10141 | D:5      | Noticed a centaur
 10145 | D:6      | Killed an ogre
 10367 | D:5      | Killed a centaur
 10642 | D:6      | Killed Blork the orc
 10715 | D:6      | Killed Eustachio
 10834 | D:6      | Noticed Dowan
 10841 | D:6      | Noticed Duvessa
 10844 | D:6      | Killed Dowan
 10928 | D:6      | Killed Duvessa
 11583 | D:6      | Killed from afar by Radiman's ghost

Action                   |  1- 3 |  4- 6 |  7- 9 || total
-------------------------+-------+-------+-------++-------
Melee: Unarmed           |    63 |       |       ||    63
       Dagger            |    47 |   295 |   238 ||   580
 Cast: Sandblast         |    49 |    70 |   187 ||   306
       Stone Arrow       |       |       |    58 ||    58
  Use: Scroll            |       |     3 |     8 ||    11
       Potion            |       |       |     3 ||     3
 Stab: Sleeping          |       |     5 |       ||     5
       Distracted        |       |     1 |       ||     1
  Eat: Chunk             |     5 |    12 |    21 ||    38
       Fruit             |       |       |     4 ||     4
